 Seeded DCSS version 0.28-a0-10-g964c8b829e (webtiles) character file.

Game seed: 20210724 (custom seed)

28 muata the Skirmisher (level 2, 0/27 HPs)
             Began as a Minotaur Berserker on July 24, 2021.
             Was a Follower of Trog.
             Slain by a quokka (2 damage)
             ... on level 2 of the Dungeon on July 25, 2021.
             The game lasted 00:02:01 (1084 turns).

muata the Skirmisher (Minotaur Berserker)           Turns: 1084, Time: 00:02:01

Health: 0/27       AC:  2    Str: 21    XL:     2   Next: 96%
Magic:  1/1        EV: 12    Int:  4    God:    Trog [*.....]
Gold:   47         SH:  0    Dex:  9    Spells: 1/1 levels left

rFire   . . .      SeeInvis .   a - +0 hand axe
rCold   . . .      Faith    .   (no shield)
rNeg    . . .      Spirit   .   b - +0 animal skin
rPois   .          Reflect  .   (helmet restricted)
rElec   .          Harm     .   (no cloak)
rCorr   .          Rampage  .   (no gloves)
Will    .....                   (no boots)
Stlth   +.........              (no amulet)
HPRegen 0.09/turn               (no ring)
MPRegen 0.07/turn               (no ring)

@: no status effects
A: horns 2, retaliatory headbutt
a: Renounce Religion, Berserk


You were on level 2 of the Dungeon.
You worshipped Trog.
Trog was aware of your devotion.
You visited 1 branch of the dungeon, and saw 2 of its levels.

You collected 47 gold pieces.

Inventory:

Hand Weapons
 a - a +0 hand axe (weapon)
Armour
 b - a +0 animal skin (worn)
Scrolls
 c - a scroll of magic mapping {unknown}
 e - a scroll of teleportation {unknown}
 f - a scroll of identify {unknown}
Potions
 d - a potion of brilliance {unknown}


   Skills:
 + Level 4.1 Fighting
 + Level 4.1 Axes
 + Level 3.1 Armour
 - Level 2.1 Dodging


You had one spell level left.
You didn't know any spells.
Your spell library was empty.

Dungeon Overview and Level Annotations

Branches:
Dungeon (2/15)

Altars:


Innate Abilities, Weirdness & Mutations

You have a pair of horns on your head.
You reflexively headbutt those who attack you in melee.


Message History

The jackal bites you. The jackal misses you.
You hit the quokka but do no damage. You closely miss the jackal.
The jackal barely misses you. You furiously retaliate!
You headbutt the jackal!
You kill the jackal!
Trog accepts your kill. The quokka misses you.
You barely miss the quokka. The quokka closely misses you.
You hit the quokka.
You headbutt the quokka, but do no damage.
The quokka is almost dead.
The quokka bites you. x2
You closely miss the quokka.
The quokka is severely wounded.
The quokka barely misses you.
You hit the quokka but do no damage.
The quokka is severely wounded.
You miss the quokka. The quokka bites you. x2
You hit the quokka.
The quokka is almost dead.
You hit the quokka but do no damage. The quokka closely misses you.
The quokka bites you. x2
* * * LOW HITPOINT WARNING * * *
You barely miss the quokka.
The quokka is almost dead.
You closely miss the quokka. The quokka bites you.
* * * LOW HITPOINT WARNING * * *
The quokka bites you.
* * * LOW HITPOINT WARNING * * *
The quokka completely misses you.
You hit the quokka.
You kill the quokka!
Trog accepts your kill.
You hit the quokka. The quokka barely misses you.
You hit the quokka but do no damage.
The quokka is moderately wounded.
The quokka bites you.
* * * LOW HITPOINT WARNING * * *
The quokka misses you.
You hit the quokka but do no damage. The quokka bites you.
You die...

####.#.# # ##
#####......# .#
..........##.#.#####.#
.#..# #...##.#<.....#
.#..# #...##.#.#...#
.#..###...........#
.#....#..###.##..#...#
...##.#..# #...††# #
.........###...#@#
...........#..#r†.#
...#..######.#.....#
#.#.### ##.......#
###.# ####.....# #.#
.....## #.# ....#. #.#
...#..# #.#


You could see a quokka.

Vanquished Creatures
  A ball python (D:2)
  3 endoplasms (D:1)
  A giant cockroach (D:1)
  A goblin (D:1)
  2 hobgoblins (D:1)
  3 jackals (D:2)
  4 quokkas
  2 bats (D:1)
  A frilled lizard (D:1)
  A kobold (D:1)
  5 rats
24 creatures vanquished.

Vanquished Creatures (others)
  A plant (D:1)
1 creature vanquished.

Grand Total: 25 creatures vanquished

Notes
Turn   | Place    | Note
-------+----------+-------------------------------------------
     0 | D:1      | muata the Minotaur Berserker began the quest for the Orb.
     0 | D:1      | Reached XP level 1. HP: 19/19 MP: 0/0
   206 | D:1      | Found a faded altar of an unknown god.
   313 | D:1      | Reached XP level 2. HP: 27/27 MP: 1/1
   322 | D:1      | Upgraded the game from 0.28-a0-8-g6e044cfa68 to
                  | 0.28-a0-10-g964c8b829e
  1084 | D:2      | Slain by a quokka

Illustrated notes

Levels and vault maps discovered:
D:1:      minmay_arrival_stone_box, layout_basic,
          shapermc_ecumenical_altar_rom_forum, serial_bayou_crossing
D:2:      layout_loops_corners, minivault_14, serial_bayou_pond_c,
          hangedman_decor_diamond_cutter, kennysheep_potato

Skill      XL: |  1  2 |
---------------+-------+-----
Axes           | 4 |  4.1
Fighting       | 4 |  4.1
Armour         | 3 |  3.1
Dodging        | |  2.1

Action                   || total
-------------------------++-------
Melee: Hand axe          ||    52
       Headbutt          ||     9
Armor: Animal skin       ||    10
Dodge: Dodged            ||    36

Table legend: (Time is in decaauts)
 A = Elapsed time spent in this place.
 B = Non-inter-level travel time spent in this place.
 C = Inter-level travel time spent in this place.
 D = Time resting spent in this place.
 E = Time spent auto-exploring this place.
 F = Levels seen in this place.
 G = Mean time per level.
                   A        B        C        D        E       F      G
               +--------+--------+--------+--------+--------+-----+--------+
         Total |   1108 |   1085 |     23 |     57 |    878 |   2 |  554.0 |
       Dungeon |   1108 |   1085 |     23 |     57 |    878 |   2 |  554.0 |
               +--------+--------+--------+--------+--------+-----+--------+

Top non-repeatable levels by time:
     D:1: 924 daAuts
     D:2: 183 daAuts
